AoeStats
← mhmmdrkr

Four Lakes

510169894Analyzed
1v1 RM · 19h ago on Sep 29, 2026· 49m 1s· 2 players
Game mode
Random Map
Map size
Tiny (2 player)
Population
200
Speed
Normal
Resources
Standard
Victory
Conquest
Starting age
Dark Age
Ending age
Imperial Age
RankedLock teamsTeams togetherTeam positionsShared explorationLock speedFull tech treeHidden civsTurbo modeCheats
Victory
Defeat
🇺🇸 Persians · United States
677
+17
🇹🇷 Inca · Türkiye
702
-17
Kenshin Brown
7:12 Loom
9:39 Feudal Age
10:57 Horse Collar
11:21 Double-Bit Axe
20:18 Castle Age
20:11 Forging
22:46 Iron Casting
34:55 Crossbowman
35:50 Fletching
36:36 Kamandaran
42:16 Thumb Ring
43:25 Scale Barding Armor
43:21 Scale Mail Armor
43:16 Bodkin Arrow
51:14 Imperial Age
mhmmdrkr
0:33 Loom
12:08 Feudal Age
13:25 Wheelbarrow
12:36 Town Watch
12:40 Double-Bit Axe
12:39 Horse Collar
13:01 Champi Runner
13:30 Arson
13:57 Fishing Lines
15:59 Gold Mining
20:30 Scale Mail Armor
22:57 Castle Age
21:10 Stone Mining
22:32 Forging
22:45 Fletching
22:55 Padded Archer Armor
23:55 Hand Cart
23:45 Heavy Plow
23:12 Champi Warrior
24:00 Gillnets
24:13 Gillnets
24:34 Squires
26:24 Pikeman
27:46 Iron Casting
28:15 Chain Mail Armor
30:01 Bodkin Arrow
32:41 Leather Archer Armor
Connection lost

Rejoining the realm…

Still unreachable

The connection could not be restored.

Session expired

The server has moved on; the page needs a fresh start.